 Dungeon Crawl Stone Soup version 0.30-a0-824-g6c64550be9 (webtiles) character file.

Game seed: 1284538932345992509

8 qeuew the Trooper (level 2, 19/24 HPs)
             Began as a Demonspawn Monk on Feb 27, 2023.
             Quit the game on level 1 of the Dungeon.
             The game lasted 00:00:19 (260 turns).

qeuew the Trooper (Demonspawn Monk)                  Turns: 260, Time: 00:00:19

Health: 19/24      AC:  2    Str: 11    XL:     2   Next: 0%
Magic:  2/2        EV: 13    Int: 11    God:
Gold:   49         SH:  0    Dex: 15    Spells: 1/1 levels left

rFire   . . .      SeeInvis .    a - +0 falchion
rCold   . . .      Faith    .    (no shield)
rNeg    . . .      Spirit   .    b - +0 robe
rPois   .          Reflect  .    (no helmet)
rElec   .          Harm     .    (no cloak)
rCorr   .          Rampage  .    (no gloves)
Will    .....                    (no boots)
Stlth   ++                       (no amulet)
HPRegen 0.24/turn                (no ring)
MPRegen 0.08/turn                (no ring)

@: no status effects
A: claws 1
a: no special abilities


You were on level 1 of the Dungeon.
You visited 1 branch of the dungeon, and saw 1 of its levels.

You collected 49 gold pieces.

Inventory:

Hand Weapons
 a - a +0 falchion (weapon)
Armour
 b - a +0 robe (worn)
Jewellery
 d - an amulet of reflection
Potions
 c - a potion of ambrosia


   Skills:
 + Level 3.0 Fighting
 * Level 2.8 Long Blades
 * Level 0.7 Armour
 + Level 2.7 Dodging
 - Level 1.7 Stealth


You had one spell level left.
You didn't know any spells.
Your spell library was empty.

Dungeon Overview and Level Annotations

Branches:
Dungeon (1/15)

Altars:


Innate Abilities, Weirdness & Mutations

You have sharp fingernails.


Message History

The giant cockroach misses you.
You hit the giant cockroach.
The giant cockroach is heavily wounded.
The giant cockroach misses you. The giant cockroach bites you.
You completely miss the giant cockroach.
The giant cockroach is heavily wounded.
The kobold shouts!
You hear a shout!
The giant cockroach bites you but does no damage.
You barely miss the giant cockroach.
The giant cockroach is heavily wounded.
A hobgoblin comes into view.
The giant cockroach misses you.
You barely miss the giant cockroach.
The giant cockroach is heavily wounded.
The giant cockroach barely misses you. The giant cockroach misses you.
You barely miss the giant cockroach.
The giant cockroach is heavily wounded.
The giant cockroach closely misses you.
You hit the giant cockroach.
You kill the giant cockroach!
The kobold hits you with a +0 short sword.
You hit the kobold but do no damage. The kobold completely misses you.
You barely miss the kobold.
The hobgoblin hits you but does no damage.
The kobold misses you.
There are monsters nearby!
There are monsters nearby!
There are monsters nearby!
You slash the kobold!
You kill the kobold!
The hobgoblin hits you.
You have reached level 2!
Your demonic ancestry asserts itself...
Your fingernails lengthen.
You hit the hobgoblin but do no damage. The hobgoblin hits you.
You hit the hobgoblin but do no damage. The hobgoblin barely misses you. x2
You barely miss the hobgoblin. The hobgoblin closely misses you.
You hit the hobgoblin but do no damage. The hobgoblin barely misses you.
You closely miss the hobgoblin. The hobgoblin hits you.
Are you sure you want to abandon this character and quit the game? (Confirm with "yes".)

#......###
#.####...#
#.###......#.#
..........#.#
###......#.#
#........#
####......###
#.####).....####
#.....g@..###
#.###.##..# #.
#..# .. #.... .#
..#### . ##.#
#.# ..#


You could see a hobgoblin.

Vanquished Creatures
  A ball python (D:1)
  An endoplasm (D:1)
  A giant cockroach (D:1)
  2 goblins (D:1)
  A kobold (D:1)
6 creatures vanquished.

Notes
Turn   | Place    | Note
-------+----------+-------------------------------------------
     0 | D:1      | qeuew the Demonspawn Monk began the quest for the Orb.
     0 | D:1      | Reached XP level 1. HP: 18/18 MP: 1/1
    34 | D:1      | Found a faded altar of an unknown god.
   255 | D:1      | Gained mutation: You have sharp fingernails. [demonic
                  | ancestry]
   255 | D:1      | Reached XP level 2. HP: 23/24 MP: 2/2
   260 | D:1      | Quit the game

Illustrated notes

Levels and vault maps discovered:
D:1:      dpeg_arrival_windows_large_door, layout_basic,
          chequers_ecumenical_altar_simple_redux, hangedman_decor_push,
          nicolae_hexahallways, minmay_pentomino_p4

Action                     || total
---------------------------++-------
  Melee: Falchion          ||    22
 Armour: Robe              ||     2
  Dodge: Dodged            ||    15

Table legend: (Time is in decaauts)
 A = Elapsed time spent in this place.
 B = Non-inter-level travel time spent in this place.
 C = Inter-level travel time spent in this place.
 D = Time resting spent in this place.
 E = Time spent auto-exploring this place.
 F = Levels seen in this place.
 G = Mean time per level.
                   A        B        C        D        E       F      G
               +--------+--------+--------+--------+--------+-----+--------+
         Total |    263 |    263 |      0 |      0 |    209 |   1 |  263.0 |
       Dungeon |    263 |    263 |      0 |      0 |    209 |   1 |  263.0 |
               +--------+--------+--------+--------+--------+-----+--------+

Top non-repeatable levels by time:
     D:1: 263 daAuts
